 Dungeon Crawl Stone Soup version 0.31-a0-232-gb1c03b2570 (webtiles) character file.

Game seed: 17883318601742443858

422 qw the Shooter (level 6, 0/38 HPs)
             Began as a Gargoyle Hexslinger on July 6, 2023.
             Slain by an orc wizard
             ... wielding a +0 dagger
              (4 damage)
             ... on level 4 of the Dungeon.
             The game lasted 00:01:05 (2502 turns).

qw the Shooter (Gargoyle Hexslinger)                Turns: 2502, Time: 00:01:06

Health: 0/38       AC: 10    Str: 18    XL:     6   Next: 95%
Magic:  7/7        EV: 12    Int: 13    God:
Gold:   226        SH:  0    Dex: 14    Spells: 6/7 levels left

rFire   . . .        Y - +2 sling
rCold   . . .        (no shield)
rNeg    + . .        c - +0 robe
rPois   inf          (no helmet)
rElec   +            (no cloak)
rCorr   .            (no gloves)
SInv    .            (no boots)
Will    .....        (no amulet)
Stlth   +            h - +4 ring of protection
HPRegen 0.26/turn    d - +6 ring of strength
MPRegen 0.10/turn

%: no passive effects
@: no status effects
A: sickness immunity, AC +4, negative energy resistance 1, electricity
resistance, torment resistance 1, petrification resistance
a: no special abilities


You were on level 4 of the Dungeon.
You visited 1 branch of the dungeon, and saw 4 of its levels.

You collected 226 gold pieces.


Innate Abilities, Weirdness & Mutations

You are immune to sickness and miasma.
Your stone body is resilient. (AC +4)
You are immune to poison.
You resist negative energy. (rN+)
You are resistant to electric shocks. (rElec)
You are resistant to unholy torment.
You are immune to petrification.


   Skills:
 - Level 4.0 Fighting
 + Level 6.2 Ranged Weapons
 - Level 1.5 Dodging
 - Level 1.0 Spellcasting
 - Level 2.6 Hexes


You had 6 spell levels left.
You knew the following spells:

 Your Spells              Type           Power      Damage    Failure   Level
a - Slow                  Hex            28%        N/A       10%         1

Your spell library contained the following spells:

 Spells                   Type           Power      Damage    Failure   Level
 Inner Flame              Hex/Fire       4%         N/A       43%         3
 Portal Projectile        Hex/Tloc       8%         N/A       43%         3
 Cause Fear               Hex            3%         N/A       67%         4

Inventory:

Hand Weapons
 Y - a +2 sling (weapon)
Armour
 a - a +0 ring mail
 c - a +0 robe (worn)
Jewellery
 d - a +6 ring of strength (right hand)
 h - a +4 ring of protection (left hand)
Scrolls
 f - 2 scrolls of identify
 i - a scroll of fog {unknown}
Potions
 b - a potion of enlightenment {unknown}
 e - a potion of mutation {unknown}
 g - a potion of brilliance {unknown}

Dungeon Overview and Level Annotations

Branches:
Dungeon (4/15)
 Temple: D:4-7

Altars:
Kikubaaqudgha

Annotations:
D:2 1 runed translucent door, Crazy Yiuf


Message History

The orc priest is moderately wounded.
The orc priest hits you but does no damage.
You hear some strange, mumbled words.
You are confused.
You hear some strange, mumbled words.
Something tries to affect you, but you resist.
The orc priest begins to cast a cantrip, but forgets the words!
The orc barely misses you. The orc priest closely misses you.
Something hits you. The orc misses you. The orc priest closely misses you.
Something hits you but does no damage. The orc barely misses you.
The orc priest misses you. Something hits you but does no damage.
The orc hits you but does no damage. The orc priest barely misses you.
Something hits you.
You feel less confused. The orc hits you with a +0 flail.
The orc priest closely misses you. Something hits you.
You shoot a sling bullet. The sling bullet hits the orc priest.
The orc priest is heavily wounded.
The orc barely misses you. The orc priest barely misses you.
Something hits you but does no damage.
You shoot a sling bullet.
The sling bullet barely misses the orc priest.
The orc hits you but does no damage.
The orc priest looks encouraged for a moment.
Something hits you but does no damage. The orc completely misses you.
The orc priest barely misses you.
You hear some strange, mumbled words.
A puff of flame appears from out of thin air!
The puff of flame misses you.
You shoot a sling bullet.
The sling bullet barely misses the orc priest.
The orc barely misses you. The orc priest completely misses you.
Something hits you.
You shoot a sling bullet.
The sling bullet hits the orc priest but does no damage.
The orc priest is heavily wounded.
The orc closely misses you. The orc priest misses you. Something hits you.
You die...

#...........
#(..........#
#...........#
#...........#
#...........#
#...........+
#...........#############
................{o?.....#
................@oS...#.#
............######o)....#
...........#...# .#.....
......######.#.# .######
####.........# .. o.
########### ##o# ..


You could see an orc priest, 2 orcs and a ball python.

Vanquished Creatures
  Sigmund (D:2)
  A hound (D:4)
  2 iguanas (D:4)
  Natasha (thrice) (D:3)
  5 adders
  3 dart slugs
  5 orcs
  2 bats
  4 endoplasms
  5 giant cockroaches
  5 goblins
  8 hobgoblins
  4 jackals (D:1)
  5 kobolds
  A quokka (D:4)
  3 ball pythons
  3 frilled lizards
  5 rats
65 creatures vanquished.

Notes
Turn   | Place    | Note
-------+----------+-------------------------------------------
     0 | D:1      | qw the Gargoyle Hexslinger began the quest for the Orb.
     0 | D:1      | Reached XP level 1. HP: 12/12 MP: 2/2
     0 | D:1      | 0 ||| qw: Version: 0.3-a-46-gb1f654a
     0 | D:1      | 0 ||| qw: Game counter: 2100
     0 | D:1      | 0 ||| qw: Melee chars always use a shield: true
     0 | D:1      | 0 ||| qw: God list: Okawaru
     0 | D:1      | 0 ||| qw: Allow faded altars: false
     0 | D:1      | 0 ||| qw: Do Orc after clearing Dungeon:15 true
     0 | D:1      | 0 ||| qw: Do second Lair branch before Depths: true
     0 | D:1      | 0 ||| qw: Lair rune preference: random
     0 | D:1      | 0 ||| qw: Goals: Normal
     0 | D:1      | 0 ||| PLANNING D:1-11
     8 | D:1      | 8 ||| DROPPING scroll of poison.
   168 | D:1      | Reached XP level 2. HP: 16/16 MP: 3/3
   221 | D:1      | Reached skill level 3 in Ranged Weapons
   354 | D:1      | Found a faded altar of an unknown god.
   429 | D:1      | 429 ||| UPGRADING to +4 ring of protection.
   430 | D:1      | 430 ||| READING 2 scrolls labelled IGYER UXUPRESO.
   531 | D:1      | 531 ||| READING scroll labelled ERECWU YPPURU.
   532 | D:1      | 532 ||| READING scroll labelled XEBICOIGOD.
   533 | D:1      | 533 ||| READING 2 scrolls labelled UTIFYR BULEAV.
   534 | D:1      | 534 ||| DROPPING scroll of silence.
   555 | D:2      | Reached XP level 3. HP: 21/21 MP: 4/4
   574 | D:2      | Noticed Sigmund
   590 | D:2      | Killed Sigmund
   591 | D:2      | Reached skill level 5 in Ranged Weapons
   591 | D:2      | Reached XP level 4. HP: 18/26 MP: 5/5
   591 | D:2      | Reached XP level 5. HP: 20/30 MP: 6/6
  1060 | D:2      | Found a runed translucent door.
  1061 | D:2      | Noticed Crazy Yiuf
  1249 | D:2      | 1249 ||| READING scroll labelled NUEBBE GETH.
  1250 | D:2      | 1250 ||| DRINKING 2 clear potions.
  1277 | D:2      | 1277 ||| DROPPING potion of lignification.
  1315 | D:3      | Noticed Natasha
  1322 | D:3      | Killed Natasha
  1323 | D:3      | Reached skill level 3 in Fighting
  1323 | D:3      | Reached XP level 6. HP: 37/37 MP: 7/7
  1341 | D:3      | Noticed Natasha
  1360 | D:3      | Killed Natasha
  1549 | D:3      | Noticed Natasha
  1561 | D:3      | Killed Natasha
  1927 | D:3      | 1927 ||| UPGRADING to +6 ring of strength.
  1928 | D:3      | 1928 ||| READING 2 scrolls of identify.
  1928 | D:3      | 1928 ||| IDENTIFYING yellow potion
  1929 | D:3      | 1929 ||| DROPPING potion of attraction.
  1982 | D:4      | Reached skill level 6 in Ranged Weapons
  2234 | D:4      | Found an ancient bone altar of Kikubaaqudgha.
  2475 | D:4      | 2475 ||| Stepping ~*~*~tactically~*~*~ (outnumbered).
  2479 | D:4      | 2479 ||| Stepping ~*~*~tactically~*~*~ (outnumbered).
  2481 | D:4      | 2481 ||| Stepping ~*~*~tactically~*~*~ (outnumbered).
  2498 | D:4      | HP: 7/38 [orc/+0 flail (3)]
  2502 | D:4      | Slain by an orc wizard

Levels and vault maps discovered:
D:1:      scummos_arrival_star, layout_rooms,
          shapermc_ecumenical_altar_rom_forum
D:2:      layout_loops_cross, uniq_sigmund, uniq_crazy_yiuf_cottage
D:3:      layout_loops_ring, uniq_natasha
D:4:      layout_basic, mainiacjoe_overflow_cross_hatched

Skill      XL: |  1  2  3  4  5  6 |
---------------+-------------------+-----
Ranged Weapons | 3 5 6 |  6.2
Fighting       | 2 3 4 |  4.0
Dodging        | |  1.5
Spellcasting   | |  1.0
Hexes          | |  2.6

Action                     |  1- 3 |  4- 6 || total
---------------------------+-------+-------++-------
   Fire: Sling             |    90 |   179 ||   269
    Use: Scroll            |     4 |     2 ||     6
         Potion            |       |     1 ||     1
 Armour: Robe              |    18 |    33 ||    51
  Dodge: Dodged            |    44 |    71 ||   115

Table legend:
 A = Non-vault XP
 B = Vault XP
 C = Vault XP percentage of total XP
 D = Non-vault monster count
 E = Vault monster count
 F = Vault count percentage of total count
                 A         B        C        D         E       F
            +---------+---------+-------+---------+---------+-------
      Total |     356 |     247 |  41.0 |      63 |       2 |   3.1
            +---------+---------+-------+---------+---------+-------
        D:1 |      33 |       0 |   0.0 |      19 |       0 |   0.0
        D:2 |      51 |     214 |  80.8 |      14 |       1 |   6.7
        D:3 |     119 |      33 |  21.7 |      19 |       1 |   5.0
        D:4 |     153 |       0 |   0.0 |      11 |       0 |   0.0
            +---------+---------+-------+---------+---------+-------
